TOP OF THE 1ST |
Salinas Fire Frogs batting - Pitching for Bakersfield Bears : RHP Luis Cuevas
|
Pitching: RHP Luis Cuevas
|
|
Batting: RHB Bobby Morin
|
0-0: Ball 1-0: Ball 2-0: Foul Ball, location: 2F 2-1: SINGLE (Groundball, 56S, EV 64.4 MPH) (infield hit)
|
Batting: RHB Carlos Urias
|
0-0: Swinging Strike 0-1: Fly out, F7 (Flyball, 7LM, EV 73.8 MPH)
|
Batting: RHB Kevin Mitchell
|
0-0: Ball 1-0: Ball 2-0: Grounds into double play, 5-4-3 (Groundball, 56, EV 105.6 MPH)
|
Top of the 1st over - 0 runs, 1 hit, 0 errors, 0 left on base; Salinas 0 - Bakersfield 0 |
BOTTOM OF THE 1ST |
Bakersfield Bears batting - Pitching for Salinas Fire Frogs : RHP Francis Reilly
|
Pitching: RHP Francis Reilly
|
|
Batting: LHB Kevin Waller
|
0-0: Ball 1-0: SOLO HOME RUN (Flyball, 9D, EV 113.8 MPH), Distance : 377 ft
|
Batting: LHB Jim Eppard
|
0-0: Called Strike 0-1: Ball 1-1: Foul Ball, location: 2F 1-2: Ground out U3 (Groundball, 34, EV 103.1 MPH)
|
Batting: LHB Benny Distefano
|
0-0: Ball 1-0: Foul Ball, location: 2F 1-1: Ball 2-1: Foul Ball, location: 2F 2-2: Ball 3-2: Foul Ball, location: 2F 3-2: Base on Balls
|
Batting: RHB Steve Buechele
|
0-0: Ball Wild Pitch! Benny Distefano to second 1-0: Ball 2-0: Ball 3-0: Base on Balls
|
Batting: RHB James Oros
|
0-0: Fly out, F8 (Flyball, 8RS, EV 93.8 MPH)
|
Batting: RHB Antonio Alicea
|
0-0: Called Strike 0-1: Ball 1-1: Called Strike 1-2: Ball 2-2: Ball 3-2: Foul Ball, location: 2F 3-2: Ground out U3 (Groundball, 34S, EV 86.3 MPH)
|
Bottom of the 1st over - 1 run, 1 hit, 0 errors, 2 left on base; Salinas 0 - Bakersfield 1 |
TOP OF THE 2ND |
Salinas Fire Frogs batting - Pitching for Bakersfield Bears : RHP Luis Cuevas
|
Batting: LHB Daryl Pitts
|
0-0: Foul Ball, location: 2F 0-1: Foul Ball, location: 2F 0-2: Ball 1-2: Foul Ball, location: 2F 1-2: Ball 2-2: Foul Ball, location: 2F 2-2: Ball 3-2: Foul Ball, location: 2F 3-2: Fly out, F6 (Popup, 4MD, EV 56.3 MPH)
|
Batting: RHB Bruce Morrison
|
0-0: Ball 1-0: Ball 2-0: Foul Ball, location: 2F 2-1: Swinging Strike 2-2: Ball 3-2: Strikes out swinging
|
Batting: SHB Terry Raley
|
0-0: Ball 1-0: Ball 2-0: Foul Ball, location: 2F 2-1: Called Strike 2-2: SINGLE (Groundball, 4MD, EV 95.0 MPH)
|
Batting: RHB Jordan Chavez
|
0-0: Ball 1-0: Called Strike 1-1: Foul Ball, location: 2F 1-2: Ball 2-2: Foul Ball, location: 2F 2-2: Fly out, F8 (Line Drive, 8RD, EV 96.9 MPH)
|
Top of the 2nd over - 0 runs, 1 hit, 0 errors, 1 left on base; Salinas 0 - Bakersfield 1 |
BOTTOM OF THE 2ND |
Bakersfield Bears batting - Pitching for Salinas Fire Frogs : RHP Francis Reilly
|
Batting: RHB Trey Brooks
|
0-0: Ball 1-0: Called Strike 1-1: Ball 2-1: Swinging Strike 2-2: Ball 3-2: Fly out, F9 (Flyball, 9LM, EV 88.8 MPH)
|
Batting: RHB Steven Houlberg
|
0-0: Called Strike 0-1: Ball 1-1: Called Strike 1-2: Ball 2-2: Ground out 4-3 (Groundball, 4S, EV 84.4 MPH)
|
Batting: RHB Jeff Rudolph
|
0-0: Ball 1-0: Ball 2-0: Called Strike 2-1: Swinging Strike 2-2: Ball 3-2: SINGLE (Line Drive, 5D, EV 95.0 MPH)
|
Batting: LHB Kevin Waller
|
0-0: Called Strike 0-1: Ball 1-1: Fly out, F6 (Popup, 6, EV 68.8 MPH)
|
Bottom of the 2nd over - 0 runs, 1 hit, 0 errors, 1 left on base; Salinas 0 - Bakersfield 1 |
TOP OF THE 3RD |
Salinas Fire Frogs batting - Pitching for Bakersfield Bears : RHP Luis Cuevas
|
Batting: LHB Charles McGehee
|
0-0: Swinging Strike 0-1: Called Strike 0-2: Foul Ball, location: 2F 0-2: Strikes out looking
|
Batting: RHB Joe Portale
|
0-0: Ball 1-0: Swinging Strike 1-1: Swinging Strike 1-2: Ball 2-2: Strikes out swinging
|
Batting: RHB Bobby Morin
|
0-0: Fly out, F3 (Popup, 3, EV 81.3 MPH)
|
Top of the 3rd over - 0 runs, 0 hits, 0 errors, 0 left on base; Salinas 0 - Bakersfield 1 |
BOTTOM OF THE 3RD |
Bakersfield Bears batting - Pitching for Salinas Fire Frogs : RHP Francis Reilly
|
Batting: LHB Jim Eppard
|
0-0: Ball 1-0: Ball 2-0: Ball 3-0: Base on Balls
|
Batting: LHB Benny Distefano
|
0-0: Ball Wild Pitch! Jim Eppard to second 1-0: Ball 2-0: Foul Ball, location: 2F 2-1: Called Strike 2-2: Fly out, F4 (Popup, 34S, EV 84.4 MPH)
|
Batting: RHB Steve Buechele
|
0-0: Called Strike 0-1: Ball 1-1: Ball 2-1: SINGLE (Groundball, 4MD, EV 95.0 MPH) Jim Eppard to third Runner from 3rd tries for Home, SAFE, throw by CF to home
|
Batting: RHB James Oros
|
0-0: Ball 1-0: Ball 2-0: Ball 3-0: Called Strike 3-1: Fly out, F8 (Flyball, 8RM, EV 89.4 MPH)
|
Batting: RHB Antonio Alicea
|
0-0: Swinging Strike 0-1: Swinging Strike 0-2: Fly out, F8 (Line Drive, 8RM, EV 109.4 MPH)
|
Bottom of the 3rd over - 1 run, 1 hit, 0 errors, 1 left on base; Salinas 0 - Bakersfield 2 |
TOP OF THE 4TH |
Salinas Fire Frogs batting - Pitching for Bakersfield Bears : RHP Luis Cuevas
|
Batting: RHB Carlos Urias
|
0-0: Swinging Strike 0-1: Swinging Strike 0-2: Ball 1-2: Ball 2-2: DOUBLE (Line Drive, 7LS, EV 113.1 MPH)
|
Batting: RHB Kevin Mitchell
|
0-0: Ground out 4-3 (Groundball, 4S, EV 67.5 MPH) Carlos Urias to third
|
Batting: LHB Daryl Pitts
|
0-0: Called Strike 0-1: Ball 1-1: Ball 2-1: DOUBLE (Line Drive, 89D, EV 100.0 MPH) Carlos Urias scores
|
Batting: RHB Bruce Morrison
|
0-0: Ball 1-0: Ball 2-0: SINGLE (Groundball, 6D, EV 105.6 MPH) Daryl Pitts to third Runner from 3rd tries for Home, SAFE, throw by LF to home Bruce Morrison to second
|
Batting: SHB Terry Raley
|
0-0: Ball 1-0: Fly out, F7 (Line Drive, 7, EV 94.4 MPH)
|
Batting: RHB Jordan Chavez
|
0-0: Called Strike 0-1: DOUBLE (Flyball, 8LD, EV 95.6 MPH) Bruce Morrison scores
|
Batting: LHB Charles McGehee
|
0-0: Swinging Strike 0-1: Swinging Strike 0-2: Strikes out looking
|
Top of the 4th over - 3 runs, 4 hits, 0 errors, 1 left on base; Salinas 3 - Bakersfield 2 |
BOTTOM OF THE 4TH |
Bakersfield Bears batting - Pitching for Salinas Fire Frogs : RHP Francis Reilly
|
Batting: RHB Trey Brooks
|
0-0: Called Strike 0-1: Fly out, F7 (Flyball, 7LD, EV 91.9 MPH)
|
Batting: RHB Steven Houlberg
|
0-0: Ball 1-0: Called Strike 1-1: Ball 2-1: Foul Ball, location: 2F 2-2: SINGLE (Groundball, 56S, EV 71.9 MPH) (infield hit)
|
Batting: RHB Jeff Rudolph
|
0-0: Swinging Strike 0-1: SINGLE (Groundball, 56D, EV 98.8 MPH) Steven Houlberg to second
|
Batting: LHB Kevin Waller
|
0-0: Foul Ball, location: 2F 0-1: Ball 1-1: Ball 2-1: Ball 3-1: Foul Ball, location: 2F 3-2: Fielders Choice at 2nd, 3-6 (Groundball, 34S, EV 81.3 MPH) Steven Houlberg to third
|
Batting: LHB Jim Eppard
|
0-0: Ground out 5-3 (Groundball, 56S, EV 83.8 MPH)
|
Bottom of the 4th over - 0 runs, 2 hits, 0 errors, 2 left on base; Salinas 3 - Bakersfield 2 |
TOP OF THE 5TH |
Salinas Fire Frogs batting - Pitching for Bakersfield Bears : RHP Luis Cuevas
|
Batting: RHB Joe Portale
|
0-0: Swinging Strike 0-1: Ball 1-1: Swinging Strike 1-2: Strikes out swinging
|
Batting: RHB Bobby Morin
|
0-0: Ground out 4-3 (Groundball, 34, EV 83.8 MPH)
|
Batting: RHB Carlos Urias
|
0-0: Swinging Strike 0-1: Ball 1-1: SINGLE (Groundball, 56D, EV 107.5 MPH)
|
Batting: RHB Kevin Mitchell
|
0-0: Foul Ball, location: 2F 0-1: Ball Carlos Urias steals 2nd base 1-1: Foul Ball, location: 2F 1-2: Strikes out looking
|
Top of the 5th over - 0 runs, 1 hit, 0 errors, 1 left on base; Salinas 3 - Bakersfield 2 |
BOTTOM OF THE 5TH |
Bakersfield Bears batting - Pitching for Salinas Fire Frogs : RHP Francis Reilly
|
Batting: LHB Benny Distefano
|
0-0: Called Strike 0-1: Ground out 4-3 (Groundball, 4, EV 101.3 MPH)
|
Batting: RHB Steve Buechele
|
0-0: Called Strike 0-1: Ball 1-1: Ball 2-1: SOLO HOME RUN (Flyball, 9D, EV 85.6 MPH), Distance : 372 ft
|
Batting: RHB James Oros
|
0-0: Ball 1-0: Ball 2-0: Ball 3-0: Called Strike 3-1: Base on Balls
|
Batting: RHB Antonio Alicea
|
0-0: Ball 1-0: Called Strike 1-1: Ball 2-1: Fly out, F6 (Popup, P, EV 83.1 MPH)
|
Batting: RHB Trey Brooks
|
0-0: Called Strike 0-1: Foul Ball, location: 2F 0-2: Ball 1-2: Foul Ball, location: 2F 1-2: Ball 2-2: Ball 3-2: Fly out, F9 (Flyball, 89M, EV 93.1 MPH)
|
Bottom of the 5th over - 1 run, 1 hit, 0 errors, 1 left on base; Salinas 3 - Bakersfield 3 |
TOP OF THE 6TH |
Salinas Fire Frogs batting - Pitching for Bakersfield Bears : RHP Luis Cuevas
|
Batting: LHB Daryl Pitts
|
0-0: Ball 1-0: Called Strike 1-1: Swinging Strike 1-2: Ball 2-2: Foul Ball, location: 2F 2-2: Ball 3-2: Fly out, F4 (Popup, 3S, EV 86.3 MPH)
|
Batting: RHB Bruce Morrison
|
0-0: Called Strike 0-1: Ground out 6-3 (Groundball, 56, EV 105.6 MPH)
|
Batting: SHB Terry Raley
|
0-0: Ball 1-0: Ball 2-0: Called Strike 2-1: Swinging Strike 2-2: Ball 3-2: Fly out, F9 (Line Drive, 9, EV 109.4 MPH)
|
Top of the 6th over - 0 runs, 0 hits, 0 errors, 0 left on base; Salinas 3 - Bakersfield 3 |
BOTTOM OF THE 6TH |
Bakersfield Bears batting - Pitching for Salinas Fire Frogs : RHP Francis Reilly
|
Pitching: RHP Thomas Schneider
|
|
Batting: RHB Steven Houlberg
|
0-0: Called Strike 0-1: Swinging Strike 0-2: Ball 1-2: Foul Ball, location: 2F 1-2: Strikes out looking
|
Batting: RHB Jeff Rudolph
|
0-0: Ball 1-0: Foul Ball, location: 2F 1-1: Ball 2-1: Ball 3-1: Base on Balls
|
Batting: LHB Kevin Waller
|
0-0: Ball 1-0: Foul Ball, location: 2F 1-1: Called Strike 1-2: TRIPLE (Flyball, 89XD, EV 95.0 MPH) Jeff Rudolph scores
|
Batting: LHB Jim Eppard
|
0-0: Ball 1-0: Ball 2-0: Foul Ball, location: 2F 2-1: Fly out, F7 (Flyball, 7S, EV 93.8 MPH)
|
Batting: LHB Benny Distefano
|
0-0: Ball 1-0: Foul Ball, location: 2F 1-1: Foul Ball, location: 2F 1-2: Strikes out swinging
|
Bottom of the 6th over - 1 run, 1 hit, 0 errors, 1 left on base; Salinas 3 - Bakersfield 4 |
TOP OF THE 7TH |
Salinas Fire Frogs batting - Pitching for Bakersfield Bears : RHP Luis Cuevas
|
Batting: RHB Jordan Chavez
|
0-0: Ball 1-0: Called Strike 1-1: Called Strike 1-2: Foul Ball, location: 2F 1-2: Foul Ball, location: 2F 1-2: Foul Ball, location: 2F 1-2: Ball 2-2: Foul Ball, location: 2F 2-2: Ball 3-2: Foul Ball, location: 2F 3-2: Base on Balls
|
Batting: LHB Charles McGehee
|
0-0: Ball 1-0: Foul Ball, location: 2F 1-1: Swinging Strike 1-2: Ball 2-2: Foul Ball, location: 2F 2-2: Strikes out swinging
|
Batting: RHB Joe Portale
|
0-0: Called Strike 0-1: Fly out, F8 (Flyball, 8RS, EV 96.3 MPH)
|
Batting: RHB Bobby Morin
|
0-0: Ball 1-0: Ball 2-0: Reached on error, E6 (Groundball, 6, EV 93.8 MPH) Jordan Chavez to second
|
Batting: RHB Carlos Urias
|
0-0: Called Strike 0-1: Ball 1-1: Ball 2-1: Swinging Strike 2-2: Fielders Choice at 2nd, 5-4 (Groundball, 56, EV 85.6 MPH)
|
Top of the 7th over - 0 runs, 0 hits, 1 error, 2 left on base; Salinas 3 - Bakersfield 4 |
BOTTOM OF THE 7TH |
Bakersfield Bears batting - Pitching for Salinas Fire Frogs : RHP Thomas Schneider
|
Batting: RHB Steve Buechele
|
0-0: Called Strike 0-1: Fly out, F2 (Popup, 3SF, EV 83.8 MPH)
|
Batting: RHB James Oros
|
0-0: Swinging Strike 0-1: Ground out 5-3 (Groundball, 56, EV 90.6 MPH)
|
Batting: RHB Antonio Alicea
|
0-0: Ground out 5-3 (Groundball, 56S, EV 83.1 MPH)
|
Bottom of the 7th over - 0 runs, 0 hits, 0 errors, 0 left on base; Salinas 3 - Bakersfield 4 |
TOP OF THE 8TH |
Salinas Fire Frogs batting - Pitching for Bakersfield Bears : RHP Luis Cuevas
|
Batting: RHB Kevin Mitchell
|
0-0: Fly out, F9 (Flyball, 89M, EV 96.9 MPH)
|
Batting: LHB Daryl Pitts
|
0-0: Called Strike 0-1: Foul Ball, location: 2F 0-2: Foul Ball, location: 2F 0-2: Ball 1-2: Foul Ball, location: 2F 1-2: Foul Ball, location: 2F 1-2: Fly out, F8 (Line Drive, 8LD, EV 103.1 MPH)
|
Batting: RHB Bruce Morrison
|
0-0: Ball 1-0: Ground out 6-3 (Groundball, 6M, EV 101.9 MPH)
|
Top of the 8th over - 0 runs, 0 hits, 0 errors, 0 left on base; Salinas 3 - Bakersfield 4 |
BOTTOM OF THE 8TH |
Bakersfield Bears batting - Pitching for Salinas Fire Frogs : RHP Thomas Schneider
|
Batting: RHB Trey Brooks
|
0-0: Called Strike 0-1: Ball 1-1: Ground out U3 (Groundball, 34S, EV 81.3 MPH)
|
Batting: RHB Steven Houlberg
|
0-0: Ball 1-0: TRIPLE (Flyball, 9LD, EV 103.8 MPH)
|
Batting: RHB Jeff Rudolph
|
0-0: Ball 1-0: Foul Ball, location: 2F 1-1: Ball 2-1: Swinging Strike 2-2: Fly out, F9 (Flyball, 9LS, EV 73.1 MPH)
|
Batting: LHB Kevin Waller
|
0-0: Ball 1-0: Called Strike 1-1: Ball 2-1: Ball 3-1: 2-RUN HOME RUN (Flyball, 9D, EV 90.0 MPH), Distance : 349 ft
|
Pitching: RHP John Bulleri
|
|
Batting: LHB Jim Eppard
|
0-0: Ball 1-0: Ball 2-0: Called Strike 2-1: Ball 3-1: SINGLE (Line Drive, 9S, EV 107.5 MPH)
|
Batting: LHB Benny Distefano
|
0-0: Called Strike 0-1: Foul Ball, location: 2F 0-2: Ball 1-2: Ball 2-2: Ground out U3 (Groundball, 34, EV 101.9 MPH)
|
Bottom of the 8th over - 2 runs, 3 hits, 0 errors, 1 left on base; Salinas 3 - Bakersfield 6 |
TOP OF THE 9TH |
Salinas Fire Frogs batting - Pitching for Bakersfield Bears : RHP Luis Cuevas
|
Now at 2B: Jack Lopez
|
|
Batting: SHB Terry Raley
|
0-0: Ball 1-0: Swinging Strike 1-1: Called Strike 1-2: Foul Ball, location: 2F 1-2: Strikes out swinging
|
Batting: RHB Jordan Chavez
|
0-0: Foul Ball, location: 2F 0-1: Foul Ball, location: 2F 0-2: Ground out 5-3 (Groundball, 56S, EV 86.9 MPH)
|
Batting: LHB Charles McGehee
|
0-0: Ball 1-0: Ball 2-0: SINGLE (Groundball, 4M, EV 100.6 MPH) (infield hit)
|
Pitching: RHP Marc Campbell
|
|
Batting: RHB Joe Portale
|
0-0: Ball 1-0: Called Strike 1-1: TRIPLE (Flyball, 89XD, EV 106.3 MPH) Charles McGehee scores
|
Batting: RHB Bobby Morin
|
0-0: Ball 1-0: Ball 2-0: Called Strike 2-1: Ball 3-1: Base on Balls
|
Batting: RHB Carlos Urias
|
0-0: Ball 1-0: Ball 2-0: Called Strike 2-1: Fielders Choice at 2nd, 6-4 (Groundball, 6, EV 87.5 MPH)
|
Top of the 9th over - 1 run, 2 hits, 0 errors, 2 left on base; Salinas 4 - Bakersfield 6 |
|